 Dungeon Crawl Stone Soup version 0.29-a0-598-gd8304a5bf4 (webtiles) character file.

Game seed: 10546905070273312527

183 happo123 the Ruffian (level 5, -1/48 HPs)
             Began as a Troll Transmuter on June 16, 2022.
             Slain by an adder (3 damage)
             ... in a sewer.
             The game lasted 00:08:48 (1820 turns).

happo123 the Ruffian (Troll Transmuter)             Turns: 1820, Time: 00:08:51

Health: -1/48      AC:  4    Str: 18    XL:     5   Next: 35%
Magic:  2/6        EV: 10    Int: 11    God:
Gold:   144        SH:  0    Dex: 16    Spells: 4/7 levels left

rFire   . . .      SeeInvis .     - Unarmed
rCold   . . .      Faith    .   (no shield)
rNeg    . . .      Spirit   .   a - +0 robe
rPois   .          Reflect  .   (helmet restricted)
rElec   .          Harm     .   (no cloak)
rCorr   .          Rampage  .   (gloves unavailable)
Will    .....                   (boots unavailable)
Stlth   +.........              (no amulet)
HPRegen 0.96/turn               i - +6 ring of dexterity
MPRegen 0.10/turn               (no ring)

@: lethally poisoned (-1 -> -5), wereblooded, very slightly contaminated, very
slow
A: large, unfitting armour, claws 3, regeneration 1, shaggy fur 1, tough skin 1
a: no special abilities


You were in a sewer.
You visited 1 branch of the dungeon, and saw 3 of its levels.
You also visited: Sewer.

You collected 144 gold pieces.

Inventory:

Armour
 a - a +0 robe (worn)
 j - a scarf of shadows
Jewellery
 i - a +6 ring of dexterity (left claw)
 l - a ring of protection from cold
Scrolls
 d - 2 scrolls of blinking {unknown}
 e - 3 scrolls of magic mapping {unknown}
 f - 4 scrolls of identify {unknown}
 h - a scroll of amnesia {unknown}
 k - a scroll of enchant armour {unknown}
 m - a scroll of poison {unknown}
 n - 2 scrolls of teleportation {unknown}
Potions
 b - a potion of lignification
 c - 2 potions of curing {unknown}
 g - a potion of invisibility {unknown}
 o - a potion of attraction {unknown}


   Skills:
 + Level 1.5 Fighting
 + Level 2.1 Dodging
 * Level 4.0 Unarmed Combat
 + Level 1.6 Spellcasting
 * Level 2.4 Transmutations
 + Level 1.0 Ice Magic


You had 4 spell levels left.
You knew the following spells:

 Your Spells              Type           Power      Damage    Failure   Level
a - Beastly Appendage     Tmut           12%        N/A       11%         1
b - Wereblood             Tmut           6%         N/A       17%         2

Your spell library contained the following spells:

 Spells                   Type           Power      Damage    Failure   Level
 Passwall                 Tmut/Erth      2%         N/A       28%         2
 Sandblast                Erth           0%         2d4       30%         1
 Summon Small Mammal      Summ           0%         N/A       30%         1
 Spider Form              Tmut/Pois      3%         N/A       50%         3
 Call Canine Familiar     Summ           0%         N/A       67%         3
 Portal Projectile        Hex/Tloc       0%         N/A       67%         3
 Stone Arrow              Conj/Erth      0%         3d7       67%         3
 Summon Guardian Golem    Hex/Summ       0%         N/A       67%         3
 Ice Form                 Ice/Tmut       4%         N/A       82%         4
 Leda's Liquefaction      Hex/Erth       0%         N/A       97%         4


Dungeon Overview and Level Annotations

Branches:
Dungeon (3/15)              Sewer (1/1)

Altars:


Innate Abilities, Weirdness & Mutations

You are too large for most types of armour.
You have claws for hands.
Your natural rate of healing is unusually fast.
You are covered in fur. (AC +1)
You have tough skin. (AC +1)


Message History

Casting: Beastly Appendage (safe; 11% risk of failure)
Press: ? - help, Q - select action, (/) - cycle Dir - look around, f - activate You miscast Beastly Appendage.
Nothing appears to happen.
The bullfrog hits you. The adder bites you.
You are poisoned.
The adder poisons you!
The bullfrog hits you but does no damage.
The adder bites you.
You are more poisoned.
The adder poisons you!
A ball python comes into view.
You enter the shallow water.
Moving in this stuff is going to be slow.
You feel very sick. The bullfrog barely misses you. The adder bites you.
You are more poisoned.
The adder poisons you!
The adder bites you but does no damage. x2
The adder bites you.
A bullfrog comes into view.
The ball python bites you but does no damage.
The bullfrog croaks.
You scratch the ball python.
The ball python is moderately wounded.
You feel very sick.
You hear an angry hiss.
The bullfrog hits you.
* * * LOW HITPOINT WARNING * * *
The adder barely misses you. The adder completely misses you.
The adder bites you but does no damage. The ball python barely misses you.
The adder closely misses you. The bullfrog hits you!
* * * LOW HITPOINT WARNING * * *
The adder closely misses you. The adder barely misses you. x2
You barely miss the ball python.
The ball python is moderately wounded.
* * * LOW HITPOINT WARNING * * *
You feel sick. The ball python closely misses you. The adder barely misses you.
The bullfrog hits you.
* * * LOW HITPOINT WARNING * * *
The adder closely misses you. x2; The adder bites you.
You die...

#####################
...≈≈≈SSFS≈≈≈≈≈≈≈≈#.###
..≈≈≈≈SS@S.≈#≈≈≈≈≈≈...##
..≈≈≈≈≈S#S≈≈≈≈≈≈≈≈≈....#
..≈#≈F≈≈≈≈≈≈≈≈≈≈≈≈≈....#
..≈≈≈≈≈≈≈≈≈≈≈≈≈≈≈≈≈....##
.S.≈≈≈≈≈≈≈≈≈≈≈≈≈≈≈#.....#
####################....#
####...# #..#.†..
#..'....


You could see 2 bullfrogs, 5 adders and 4 ball pythons.

Vanquished Creatures
  5 adders
  5 river rats
  An adder zombie (D:2)
  An adder skeleton (D:2)
  A worm (D:2)
  2 dart slugs
  8 ball pythons
  A bat skeleton (D:2)
  4 endoplasms
  A giant cockroach (D:3)
  4 goblins
  4 hobgoblins
  4 jackals (D:2)
  2 kobolds
  2 quokkas
  3 ball python skeletons (D:2)
  6 bats
  6 frilled lizards
  A jackal zombie (D:2)
  32 rats
93 creatures vanquished.

Vanquished Creatures (others)
  2 withered plants (D:2)
2 creatures vanquished.

Grand Total: 95 creatures vanquished

Notes
Turn   | Place    | Note
-------+----------+-------------------------------------------
     0 | D:1      | happo123 the Troll Transmuter began the quest for the Orb.
     0 | D:1      | Reached XP level 1. HP: 18/18 MP: 1/1
   107 | D:1      | Reached XP level 2. HP: 26/26 MP: 2/2
   417 | D:1      | Reached skill level 1 in Fighting
   578 | D:2      | Reached XP level 3. HP: 30/33 MP: 2/4
   581 | D:2      | Learned a level 2 spell: Wereblood
   750 | D:2      | Found a faded altar of an unknown god.
  1086 | D:2      | Reached XP level 4. HP: 41/41 MP: 5/5
  1572 | D:3      | Found a glowing drain.
  1598 | Sewer    | Entered a sewer
  1754 | Sewer    | Reached XP level 5. HP: 47/48 MP: 2/6
  1756 | Sewer    | Reached skill level 1 in Ice Magic
  1775 | Sewer    | Reached skill level 4 in Unarmed Combat
  1820 | Sewer    | HP: 2/48 [bullfrog (1)]
  1820 | Sewer    | Slain by an adder

Illustrated notes

Levels and vault maps discovered:
D:1:      nzn_arrival_depleted_hourglass, layout_basic, minmay_misc_feat_doors,
          minmay_pentomino_x4
D:2:      layout_basic, serial_undead, serial_undead_b, serial_undead_a,
          serial_undead_a, serial_undead_b,
          hellmonk_ecumenical_altar_leap_of_faith
D:3:      layout_loops_ring, zin_scriptorium, portal_sewer_entry_b,
          nrook_mini_vaults
Sewer:    sewer_minmay_w

Skill      XL: |  1  2  3  4  5 |
---------------+----------------+-----
Fighting       | 1 |  1.5
Transmutations | 2 |  2.4
Dodging        | 2 |  2.1
Ice Magic      | 1 |  1.0
Unarmed Combat | 4 |  4.0
Spellcasting   | |  1.6

Action                   |  1- 3 |  4- 6 || total
-------------------------+-------+-------++-------
Melee: Unarmed           |   101 |    77 ||   178
       Punch             |     1 |     1 ||     2
       Kick              |     5 |     9 ||    14
       Headbutt          |     1 |     4 ||     5
 Cast: Beastly Appendage |     3 |     5 ||     8
       Wereblood         |     1 |     5 ||     6
 Stab: Distracted        |     1 |       ||     1
Armor: Robe              |    63 |    62 ||   125
Dodge: Dodged            |    58 |    99 ||   157

Table legend: (Time is in decaauts)
 A = Elapsed time spent in this place.
 B = Non-inter-level travel time spent in this place.
 C = Inter-level travel time spent in this place.
 D = Time resting spent in this place.
 E = Time spent auto-exploring this place.
 F = Levels seen in this place.
 G = Mean time per level.
                   A        B        C        D        E       F      G
               +--------+--------+--------+--------+--------+-----+--------+
         Total |   1843 |   1610 |    233 |      0 |   1028 |   4 |  460.8 |
       Dungeon |   1590 |   1357 |    233 |      0 |   1028 |   3 |  530.0 |
         Sewer |    253 |    253 |      0 |      0 |      0 |   1 |  253.0 |
               +--------+--------+--------+--------+--------+-----+--------+

Top non-repeatable levels by time:
     D:2: 878 daAuts
     D:1: 553 daAuts
   Sewer: 253 daAuts
     D:3: 158 daAuts
